Jets vs Wild
(R2)
Created - 7 juin 2013 at 20:05
Goals
|
| Jets |
1 |
1 |
2 |
4 |
| Wild |
1 |
1 |
0 |
2 |
|
Shots
|
| Jets |
9 |
13 |
8 |
30 |
| Wild |
12 |
13 |
5 |
30 |
|
1st period
1. Jets , Shane Doan 9 (Jason Allison, Nikolai Zherdev) at 10:29
2. Wild , Bret Hedican 3 (Chris Drury, Alexander Perezhogin) at 15:57
Penalties :
Brian Rolston (Min) for Holding Stick (Minor) at 0:36, Karlis Skrastins (Win) for Hooking (Minor) at 18:06
2nd period
3. Jets , Adam Burish 7 (Keith Tkachuk, Dmitri Kalinin) at 5:01
4. Wild , Adam Deadmarsh 3 (Mike Ricci, Bret Hedican) at 12:32
Penalties :
Rod Brind'Amour (Min) for Hooking (Minor) at 0:40, Brian Rolston (Min) for Roughing (Minor) at 0:45, Adam Burish (Win) for Hooking (Minor) at 14:34, Dmitri Kalinin (Win) for High sticking (Minor) at 15:44, Mike Green (Min) for Hooking (Minor) at 15:55
3rd period
5. Jets , Jason Allison 9 (Shane Doan) at 1:57
6. Jets , Nikolai Zherdev 2 (Jussi Jokinen, Kyle Wellwood) at 17:45
Penalties :
Jozef Stumpel (Min) for Hooking (Minor) at 3:37, Jozef Stumpel (Min) for Tripping (Minor) at 5:46, Niklas Kronwall (Win) for Charging (Minor) at 5:46, Fedor Tyutin (Min) for Roughing (Minor) at 12:22
Goalie Stats
Maxime Daigneault (Win), 28 saves from 30 shots - (0,933), W, 4-4-0, 60:00 minutes
Martin Brodeur (Min), 26 saves from 30 shots - (0,867), L, 9-5-0, 60:00 minutes
Players Stats for Jets
Player Name G A P +/- PIM S H SB GA TA FO MP PP MP PK MP
------------------------------------------------------------------------------------
Adam Burish 1 0 1 1 2 1 1 0 0 0 0/1 12:08 0:00 0:10
Benoit Pouliot 0 0 0 1 0 0 1 0 0 0 1/2 18:43 3:52 0:10
Bryce Salvador 0 0 0 2 0 2 1 0 0 1 0/0 22:31 0:09 2:49
Colin White 0 0 0 1 0 0 3 0 0 0 0/0 16:50 0:09 1:12
David Vyborny 0 0 0 -1 0 1 0 0 0 2 1/1 6:29 0:00 0:00
Dmitri Kalinin 0 1 1 2 2 0 2 2 2 2 0/0 27:33 3:59 1:59
Jason Allison 1 1 2 1 0 6 2 0 0 0 15/26 20:12 3:47 0:00
Jason Arnott 0 0 0 1 0 1 3 1 0 1 9/20 19:32 4:20 2:15
Jussi Jokinen 0 1 1 1 0 3 0 0 0 0 0/1 12:22 0:05 0:00
Karlis Skrastins 0 0 0 -1 2 1 1 0 0 0 0/0 15:43 4:09 0:33
Keith Tkachuk 0 1 1 1 0 2 2 0 1 0 1/3 18:35 4:15 1:33
Kyle Wellwood 0 1 1 1 0 0 4 0 0 1 4/10 10:53 0:05 0:00
Mike Leclerc 0 0 0 -1 0 3 2 0 0 1 0/0 8:50 0:00 2:12
Niklas Kronwall 0 0 0 -1 2 1 0 1 0 0 0/0 14:30 4:09 0:00
Nikolai Zherdev 1 1 2 1 0 2 2 0 0 1 0/0 15:45 4:15 0:00
Pavel Kubina 0 0 0 1 0 2 1 3 2 1 0/0 23:40 3:54 1:22
Shane Doan 1 1 2 1 0 4 2 0 0 0 1/1 20:35 3:52 0:00
Tuomo Ruutu 0 0 0 -1 0 1 0 0 1 1 1/2 7:09 0:00 0:47
Players Stats for Wild
Player Name G A P +/- PIM S H SB GA TA FO MP PP MP PK MP
------------------------------------------------------------------------------------
Adam Deadmarsh 1 0 1 0 0 2 0 0 0 0 0/0 7:32 1:35 0:00
Alexander Perezhogin 0 1 1 0 0 3 2 1 0 0 1/3 17:42 1:23 0:00
Anson Carter 0 0 0 -1 0 1 0 0 0 0 0/0 11:27 0:22 0:00
Bret Hedican 1 1 2 1 0 1 1 0 0 2 0/0 22:30 1:13 0:56
Brian Rolston 0 0 0 -1 4 1 1 1 1 0 1/1 12:45 0:00 2:15
Chris Drury 0 1 1 0 0 4 1 1 1 1 13/24 22:13 1:23 2:57
Chris Higgins 0 0 0 -1 0 2 2 0 1 0 2/2 15:16 0:41 2:46
Danil Markov 0 0 0 -1 0 0 0 0 1 0 0/0 16:27 0:53 4:43
Fedor Tyutin 0 0 0 1 2 0 1 1 2 1 0/0 19:53 1:14 2:17
Fredrik Modin 0 0 0 0 0 0 0 0 0 0 0/0 8:21 0:00 1:09
Jozef Stumpel 0 0 0 -1 4 5 2 1 0 1 0/2 16:28 1:49 1:10
Mike Green 0 0 0 -2 2 0 1 2 1 0 0/0 22:29 1:45 0:27
Mike Ricci 0 1 1 0 0 2 0 0 0 0 1/2 9:07 0:26 0:55
Nathan Dempsey 0 0 0 -2 0 1 2 2 1 0 0/0 24:38 0:00 4:53
Niclas Wallin 0 0 0 -1 0 0 1 1 0 0 0/0 14:23 1:34 3:08
R.J. Umberger 0 0 0 0 0 6 0 1 0 1 3/5 18:00 0:50 0:02
Rod Brind'Amour 0 0 0 -1 2 0 0 0 3 0 5/10 13:06 0:00 3:15
Vaclav Prospal 0 0 0 -1 0 2 2 0 0 0 8/18 13:43 1:31 0:00
3 Stars
1 - Shane Doan (Win)
2 - Jason Allison (Win)
3 - Nikolai Zherdev (Win)
Power Play
Jets - 0 on 6 Attempt(s) - 0,00%
Wild - 0 on 3 Attempt(s) - 0,00%
Penalty Kill
Jets - 3 on 3 Attempt(s) - 100,00%
- Score 0 goal in Penalty Kill
Wild - 6 on 6 Attempt(s) - 100,00%
- Score 0 goal in Penalty Kill
Official
Referees : Fraser Kerry and Lee Chris
Linesman : Don Henderson and Mark Shewchyk
Game Notes
No Game Note
Finance
Level 1 -- Attendance: 5270 (87,83%) -- Ticket Income 658 750 $
Level 2 -- Attendance: 4529 (90,58%) -- Ticket Income 339 675 $
Level 3 -- Attendance: 1669 (83,45%) -- Ticket Income 83 450 $
Level 4 -- Attendance: 2872 (71,80%) -- Ticket Income 114 880 $
Luxury Box -- Attendance: 907 (90,70%) -- Ticket Income 226 750 $
Game was played at the Forest Center
Total Attendance: 15247 (84,71%)
Total Ticket Income: 1 423 505 $
Other Income: 71 175 $
Total Income: 1 494 680 $
Jets
5 vs 5 Forward
Center Left Wing Right Wing Time % Phy DF OF
1 Jason Allison Benoit Pouliot Shane Doan 38 1 1 3
2 Jason Arnott Keith Tkachuk Adam Burish 32 1 1 3
3 Kyle Wellwood Jussi Jokinen Nikolai Zherdev 20 1 1 3
4 Tuomo Ruutu Mike Leclerc David Vyborny 10 1 2 2
5 vs 5 Defense
Defense Defense Time % Phy DF OF
1 Bryce Salvador Dmitri Kalinin 40 2 2 1
2 Pavel Kubina Colin White 30 2 2 1
3 Niklas Kronwall Karlis Skrastins 20 1 3 1
4 Pavel Kubina Dmitri Kalinin 10 2 2 1
PowerPlay Forward
Center Left Wing Right Wing Time % Phy DF OF
1 Jason Allison Benoit Pouliot Shane Doan 60 0 0 5
2 Jason Arnott Keith Tkachuk Nikolai Zherdev 40 0 0 5
PowerPlay Defense
Defense Defense Time % Phy DF OF
1 Dmitri Kalinin Pavel Kubina 60 0 1 4
2 Niklas Kronwall Karlis Skrastins 40 0 2 3
Penalty Kill 4 Players Forward
Center Wing Time % Phy DF OF
1 Jason Arnott Mike Leclerc 60 0 4 1
2 Tuomo Ruutu Keith Tkachuk 40 0 4 1
Penalty Kill 4 Players Defense
Defense Defense Time % Phy DF OF
1 Dmitri Kalinin Bryce Salvador 60 1 4 0
2 Colin White Karlis Skrastins 40 1 4 0
Penalty Kill - 3 Players Forward
Forward Time % Phy DF OF
1 Keith Tkachuk 60 0 4 1
2 Jason Arnott 40 0 4 1
Penalty Kill - 3 Players Defense
Defense Defense Time % Phy DF OF
1 Dmitri Kalinin Bryce Salvador 60 1 2 2
2 Colin White Pavel Kubina 40 1 2 2
4 vs 4 Forward
Center Wing Time % Phy DF OF
1 Jason Allison Shane Doan 60 1 2 2
2 Jason Arnott Benoit Pouliot 40 1 2 2
4 vs 4 Defense
Defense Defense Time % Phy DF OF
1 Dmitri Kalinin Bryce Salvador 60 1 2 2
2 Karlis Skrastins Pavel Kubina 40 1 2 2
Last Minutes Offensive
Center Left Wing Right Wing Defense Defense
Jason Allison Benoit Pouliot Shane Doan Pavel Kubina Dmitri Kalinin
Last Minutes Defensive
Center Left Wing Right Wing Defense Defense
Jason Arnott Adam Burish Keith Tkachuk Bryce Salvador Dmitri Kalinin
Goaltenders
Starting : Maxime Daigneault
Backup : Ilya Bryzgalov
Extra Forwards
Normal : Jussi Jokinen, Benoit Pouliot, Keith Tkachuk - PP : Shane Doan, Benoit Pouliot - PK : Adam Burish
Extra Defensemen
Normal : Pavel Kubina, Dmitri Kalinin, Bryce Salvador - PP : Pavel Kubina - PK : Dmitri Kalinin, Pavel Kubina
Penalty Shots
Jason Arnott, Benoit Pouliot, Keith Tkachuk, Shane Doan, Jason Allison
Wild
5 vs 5 Forward
Center Left Wing Right Wing Time % Phy DF OF
1 Chris Drury R.J. Umberger Alexander Perezhogin 40 1 0 4
2 Vaclav Prospal Jozef Stumpel Anson Carter 30 0 1 4
3 Rod Brind'Amour Chris Higgins Brian Rolston 20 1 1 3
4 Mike Ricci Fredrik Modin Adam Deadmarsh 10 2 2 1
5 vs 5 Defense
Defense Defense Time % Phy DF OF
1 Mike Green Nathan Dempsey 40 1 3 1
2 Fedor Tyutin Bret Hedican 30 1 3 1
3 Niclas Wallin Danil Markov 20 1 3 1
4 Mike Green Bret Hedican 10 1 3 1
PowerPlay Forward
Center Left Wing Right Wing Time % Phy DF OF
1 Chris Drury Jozef Stumpel Alexander Perezhogin 60 0 1 4
2 Vaclav Prospal R.J. Umberger Adam Deadmarsh 40 0 1 4
PowerPlay Defense
Defense Defense Time % Phy DF OF
1 Bret Hedican Mike Green 60 0 2 3
2 Fedor Tyutin Niclas Wallin 40 0 2 3
Penalty Kill 4 Players Forward
Center Wing Time % Phy DF OF
1 Rod Brind'Amour Brian Rolston 60 1 3 1
2 Jozef Stumpel Chris Higgins 40 1 3 1
Penalty Kill 4 Players Defense
Defense Defense Time % Phy DF OF
1 Danil Markov Nathan Dempsey 60 2 3 0
2 Fedor Tyutin Niclas Wallin 40 2 3 0
Penalty Kill - 3 Players Forward
Forward Time % Phy DF OF
1 Rod Brind'Amour 60 1 4 0
2 Brian Rolston 40 1 4 0
Penalty Kill - 3 Players Defense
Defense Defense Time % Phy DF OF
1 Danil Markov Nathan Dempsey 60 2 3 0
2 Fedor Tyutin Niclas Wallin 40 2 3 0
4 vs 4 Forward
Center Wing Time % Phy DF OF
1 R.J. Umberger Chris Drury 60 1 1 3
2 Jozef Stumpel Vaclav Prospal 40 1 1 3
4 vs 4 Defense
Defense Defense Time % Phy DF OF
1 Bret Hedican Mike Green 60 1 3 1
2 Fedor Tyutin Nathan Dempsey 40 1 3 1
Last Minutes Offensive
Center Left Wing Right Wing Defense Defense
Chris Drury Jozef Stumpel Alexander Perezhogin Bret Hedican Nathan Dempsey
Last Minutes Defensive
Center Left Wing Right Wing Defense Defense
Rod Brind'Amour Mike Ricci Brian Rolston Danil Markov Niclas Wallin
Goaltenders
Starting : Martin Brodeur
Backup : Jamie Storr
Extra Forwards
Normal : Chris Drury, Alexander Perezhogin, Jozef Stumpel - PP : Chris Drury, Alexander Perezhogin - PK : Rod Brind'Amour
Extra Defensemen
Normal : Mike Green, Nathan Dempsey, Bret Hedican - PP : Mike Green - PK : Nathan Dempsey, Danil Markov
Penalty Shots
Alexander Perezhogin, Chris Drury, Jozef Stumpel, Vaclav Prospal, Mike Ricci
% Time on Ice - Jets
Lines # - Real PCT - Wanted PCT - Time Play
Normal Forward
1 - 35% - 38% - 15:33
2 - 27% - 32% - 12:07
3 - 24% - 20% - 10:39
4 - 14% - 10% - 6:22
Normal Defense
1 - 41% - 40% - 18:27
2 - 29% - 30% - 12:58
3 - 20% - 20% - 9:09
4 - 9% - 10% - 4:07
PP Forward
1 - 47% - 60% - 3:52
2 - 53% - 40% - 4:20
PP Defense
1 - 49% - 60% - 4:03
2 - 51% - 40% - 4:09
PK Forward
1 - 75% - 60% - 2:22
2 - 25% - 40% - 0:47
PK Defense
1 - 63% - 60% - 2:00
2 - 37% - 40% - 1:09
PK3 Forward
1 - 94% - 60% - 0:46
2 - 6% - 40% - 0:03
PK3 Defense
1 - 100% - 60% - 0:49
2 - 0% - 40% - 0:00
44 Forward
1 - 82% - 60% - 2:35
2 - 18% - 40% - 0:34
44 Defense
1 - 66% - 60% - 2:04
2 - 34% - 40% - 1:05
Last Minute Offensive - 0:00
Last Minute Defensive - 0:00
Total
Forward - 60:00
Defense - 60:00
|
% Time on Ice - Wild
Lines # - Real PCT - Wanted PCT - Time Play
Normal Forward
1 - 39% - 40% - 17:27
2 - 26% - 30% - 11:45
3 - 22% - 20% - 9:44
4 - 13% - 10% - 5:45
Normal Defense
1 - 43% - 40% - 19:18
2 - 32% - 30% - 14:16
3 - 20% - 20% - 9:09
4 - 4% - 10% - 1:58
PP Forward
1 - 55% - 60% - 1:49
2 - 46% - 40% - 1:31
PP Defense
1 - 53% - 60% - 1:46
2 - 47% - 40% - 1:34
PK Forward
1 - 76% - 60% - 4:48
2 - 24% - 40% - 1:30
PK Defense
1 - 54% - 60% - 3:25
2 - 46% - 40% - 2:53
PK3 Forward
1 - 100% - 60% - 1:54
2 - 0% - 40% - 0:00
PK3 Defense
1 - 68% - 60% - 1:18
2 - 32% - 40% - 0:36
44 Forward
1 - 70% - 60% - 2:40
2 - 30% - 40% - 1:07
44 Defense
1 - 63% - 60% - 2:23
2 - 37% - 40% - 1:24
Last Minute Offensive - 0:00
Last Minute Defensive - 0:00
Total
Forward - 60:00
Defense - 60:00
|
Play by Play
1st period
0:01 of 1st period - R.J. Umberger wins face-off versus Jason Allison in neutral zone.
0:16 of 1st period - Snap shot by R.J. Umberger.
0:16 of 1st period - Stopped by Maxime Daigneault with a rebound.
0:26 of 1st period - Vaclav Prospal is hit by Jason Arnott and loses puck.
0:31 of 1st period - Wrist shot by Adam Burish.
0:31 of 1st period - Shot Misses the Net.
0:33 of 1st period - Wrist shot by Keith Tkachuk.
0:33 of 1st period - Shot Blocked by Jozef Stumpel.
0:35 of 1st period - Slapshot by Bryce Salvador.
0:35 of 1st period - Stopped by Martin Brodeur without a rebound.
0:36 of 1st period - Kyle Wellwood wins face-off versus Rod Brind'Amour in Wild zone.
0:36 of 1st period - Minor Penalty to Brian Rolston for Holding Stick.
0:37 of 1st period - Rod Brind'Amour wins face-off versus Jason Allison in Wild zone.
2:04 of 1st period - Icing by Jason Arnott.
2:05 of 1st period - Chris Drury wins face-off versus Jason Arnott in Jets zone.
2:36 of 1st period - Penalty to Brian Rolston is over, Brian Rolston is back on ice.
2:41 of 1st period - Chris Higgins is hit by Colin White and loses puck.
3:17 of 1st period - Icing by Chris Higgins.
3:18 of 1st period - Kyle Wellwood wins face-off versus Alexander Perezhogin in Wild zone.
3:25 of 1st period - Snap shot by Jussi Jokinen.
3:25 of 1st period - Stopped by Martin Brodeur with a rebound.
4:05 of 1st period - Snap shot by Jason Allison.
4:05 of 1st period - Stopped by Martin Brodeur without a rebound.
4:06 of 1st period - Jason Allison wins face-off versus Vaclav Prospal in Wild zone.
4:31 of 1st period - Bryce Salvador is hit by Bret Hedican and loses puck.
5:20 of 1st period - Brian Rolston is hit by Shane Doan and loses puck.
5:53 of 1st period - Kyle Wellwood is hit by Niclas Wallin.
6:00 of 1st period - Off-side.
6:01 of 1st period - Rod Brind'Amour wins face-off versus Jason Arnott in neutral zone.
6:26 of 1st period - Snap shot by Shane Doan.
6:26 of 1st period - Shot Misses the Net.
6:48 of 1st period - Nikolai Zherdev is hit by Vaclav Prospal and loses puck.
6:59 of 1st period - Snap shot by Jozef Stumpel.
6:59 of 1st period - Stopped by Maxime Daigneault with a rebound.
7:19 of 1st period - Slapshot by Brian Rolston.
7:19 of 1st period - Stopped by Maxime Daigneault with a rebound.
7:21 of 1st period - Snap shot by Rod Brind'Amour.
7:21 of 1st period - Shot Blocked by Dmitri Kalinin.
7:31 of 1st period - Dmitri Kalinin is hit by Alexander Perezhogin and loses puck.
8:10 of 1st period - Wrist shot by Jozef Stumpel.
8:10 of 1st period - Shot Blocked by Jason Arnott.
8:12 of 1st period - Snap shot by Jozef Stumpel.
8:12 of 1st period - Stopped by Maxime Daigneault with a rebound.
8:14 of 1st period - Wrist shot by Vaclav Prospal.
8:14 of 1st period - Shot Misses the Net.
8:16 of 1st period - Slapshot by Vaclav Prospal.
8:16 of 1st period - Shot Misses the Net.
8:18 of 1st period - Wrist shot by Vaclav Prospal.
8:18 of 1st period - Stopped by Maxime Daigneault without a rebound.
8:19 of 1st period - Jason Allison wins face-off versus Chris Drury in Jets zone.
8:32 of 1st period - Snap shot by Chris Drury.
8:32 of 1st period - Stopped by Maxime Daigneault with a rebound.
8:38 of 1st period - Nathan Dempsey is hit by Jason Allison and loses puck.
9:18 of 1st period - Wrist shot by David Vyborny.
9:18 of 1st period - Shot Blocked by Nathan Dempsey.
9:20 of 1st period - Slapshot by Karlis Skrastins.
9:20 of 1st period - Shot Misses the Net.
9:42 of 1st period - Wrist shot by Mike Ricci.
9:42 of 1st period - Deflect By Fredrik Modin.
9:42 of 1st period - Shot Misses the Net.
9:42 of 1st period - Puck is out of play.
9:43 of 1st period - Chris Drury wins face-off versus Kyle Wellwood in Jets zone.
9:44 of 1st period - Slapshot by Alexander Perezhogin.
9:44 of 1st period - Shot Misses the Net.
9:55 of 1st period - Icing by Pavel Kubina.
9:56 of 1st period - Chris Drury wins face-off versus Kyle Wellwood in Jets zone.
9:57 of 1st period - Slapshot by R.J. Umberger.
9:57 of 1st period - Shot Blocked by Pavel Kubina.
9:59 of 1st period - Slapshot by Bret Hedican.
9:59 of 1st period - Shot Misses the Net.
10:01 of 1st period - Slapshot by Bret Hedican.
10:01 of 1st period - Shot Misses the Net.
10:23 of 1st period - Wrist shot by Jason Allison.
10:23 of 1st period - Stopped by Martin Brodeur with a rebound.
10:27 of 1st period - Wrist shot by Shane Doan.
10:27 of 1st period - Stopped by Martin Brodeur with a rebound.
10:29 of 1st period - Wrist shot by Shane Doan.
10:29 of 1st period - Goal by Shane Doan - Jets : 1 - Wild : 0.
10:30 of 1st period - Chris Drury wins face-off versus Jason Allison in neutral zone.
10:32 of 1st period - Off-side.
10:33 of 1st period - Chris Drury wins face-off versus Benoit Pouliot in neutral zone.
10:37 of 1st period - Off-side.
10:38 of 1st period - Jason Allison wins face-off versus Chris Drury in neutral zone.
10:47 of 1st period - Wrist shot by Benoit Pouliot.
10:47 of 1st period - Shot Misses the Net.
10:49 of 1st period - Slapshot by Pavel Kubina.
10:49 of 1st period - Shot Blocked by R.J. Umberger.
11:11 of 1st period - Keith Tkachuk is hit by Jozef Stumpel and loses puck.
11:49 of 1st period - Danil Markov is hit by Kyle Wellwood.
12:07 of 1st period - Snap shot by Jason Arnott.
12:07 of 1st period - Shot Blocked by Mike Green.
12:56 of 1st period - Pavel Kubina is hit by Chris Higgins and loses puck.
13:07 of 1st period - Bret Hedican is hit by Kyle Wellwood.
13:39 of 1st period - Icing by Alexander Perezhogin.
13:40 of 1st period - Jason Allison wins face-off versus Chris Drury in Wild zone.
13:41 of 1st period - Slapshot by Shane Doan.
13:41 of 1st period - Shot Blocked by Fedor Tyutin.
14:14 of 1st period - Snap shot by Anson Carter.
14:14 of 1st period - Shot Misses the Net.
14:16 of 1st period - Snap shot by Vaclav Prospal.
14:16 of 1st period - Stopped by Maxime Daigneault with a rebound.
14:18 of 1st period - Snap shot by Nathan Dempsey.
14:18 of 1st period - Stopped by Maxime Daigneault with a rebound.
14:20 of 1st period - Slapshot by Mike Green.
14:20 of 1st period - Shot Misses the Net.
14:22 of 1st period - Snap shot by Jozef Stumpel.
14:22 of 1st period - Stopped by Maxime Daigneault with a rebound.
14:36 of 1st period - Snap shot by Tuomo Ruutu.
14:36 of 1st period - Deflect By Mike Leclerc.
14:36 of 1st period - Stopped by Martin Brodeur with a rebound.
15:15 of 1st period - Slapshot by Brian Rolston.
15:15 of 1st period - Deflect By Rod Brind'Amour.
15:15 of 1st period - Shot Misses the Net.
15:15 of 1st period - Puck is out of play.
15:16 of 1st period - Jason Allison wins face-off versus R.J. Umberger in Jets zone.
15:42 of 1st period - Bret Hedican is hit by Mike Leclerc and loses puck.
15:47 of 1st period - Slapshot by Pavel Kubina.
15:47 of 1st period - Stopped by Martin Brodeur with a rebound.
15:55 of 1st period - Wrist shot by Chris Drury.
15:55 of 1st period - Stopped by Maxime Daigneault with a rebound.
15:57 of 1st period - Slapshot by Bret Hedican.
15:57 of 1st period - Goal by Bret Hedican - Jets : 1 - Wild : 1.
15:58 of 1st period - Benoit Pouliot wins face-off versus Vaclav Prospal in neutral zone.
16:05 of 1st period - Snap shot by Anson Carter.
16:05 of 1st period - Shot Misses the Net.
18:06 of 1st period - Minor Penalty to Karlis Skrastins for Hooking.
18:07 of 1st period - Chris Higgins wins face-off versus Jason Arnott in Jets zone.
18:36 of 1st period - Slapshot by Mike Ricci.
18:36 of 1st period - Stopped by Maxime Daigneault with a rebound.
18:59 of 1st period - Snap shot by Tuomo Ruutu.
18:59 of 1st period - Stopped by Martin Brodeur without a rebound.
19:00 of 1st period - Vaclav Prospal wins face-off versus Jason Arnott in Wild zone.
19:09 of 1st period - Jason Arnott is hit by Vaclav Prospal and loses puck.
2nd period
0:01 of 2nd period - Jason Arnott wins face-off versus Chris Drury in neutral zone.
0:06 of 2nd period - Penalty to Karlis Skrastins is over, Karlis Skrastins is back on ice.
0:27 of 2nd period - Off-side.
0:28 of 2nd period - Brian Rolston wins face-off versus Kyle Wellwood in neutral zone.
0:33 of 2nd period - Snap shot by Brian Rolston.
0:33 of 2nd period - Shot Misses the Net.
0:35 of 2nd period - Snap shot by Chris Higgins.
0:35 of 2nd period - Shot Blocked by Pavel Kubina.
0:37 of 2nd period - Snap shot by Rod Brind'Amour.
0:37 of 2nd period - Shot Misses the Net.
0:39 of 2nd period - Snap shot by Chris Higgins.
0:39 of 2nd period - Shot Misses the Net.
0:40 of 2nd period - Minor Penalty to Rod Brind'Amour for Hooking.
0:41 of 2nd period - Chris Drury wins face-off versus Jason Allison in Wild zone.
0:45 of 2nd period - Minor Penalty to Brian Rolston for Roughing.
0:46 of 2nd period - Jason Allison wins face-off versus Chris Drury in Wild zone.
1:13 of 2nd period - Nathan Dempsey is hit by Keith Tkachuk and loses puck.
1:20 of 2nd period - Snap shot by Nikolai Zherdev.
1:20 of 2nd period - Deflect By Jason Arnott.
1:20 of 2nd period - Stopped by Martin Brodeur without a rebound.
1:21 of 2nd period - Shane Doan wins face-off versus Chris Drury in Wild zone.
2:18 of 2nd period - Snap shot by Keith Tkachuk.
2:18 of 2nd period - Shot Misses the Net.
2:40 of 2nd period - Penalty to Rod Brind'Amour is over, Rod Brind'Amour is back on ice.
2:45 of 2nd period - Penalty to Brian Rolston is over, Brian Rolston is back on ice.
2:48 of 2nd period - Wrist shot by Keith Tkachuk.
2:48 of 2nd period - Stopped by Martin Brodeur with a rebound.
2:50 of 2nd period - Backhand shot by Karlis Skrastins.
2:50 of 2nd period - Deflect By Nikolai Zherdev.
2:50 of 2nd period - Stopped by Martin Brodeur with a rebound.
2:52 of 2nd period - Backhand shot by Karlis Skrastins.
2:52 of 2nd period - Stopped by Martin Brodeur without a rebound.
2:53 of 2nd period - Vaclav Prospal wins face-off versus Jason Allison in Wild zone.
2:53 of 2nd period - Vaclav Prospal is hit by Benoit Pouliot.
2:58 of 2nd period - Bret Hedican is hit by Shane Doan.
3:18 of 2nd period - Rod Brind'Amour is hit by Mike Leclerc and loses puck.
3:25 of 2nd period - Snap shot by Mike Leclerc.
3:25 of 2nd period - Stopped by Martin Brodeur without a rebound.
3:26 of 2nd period - Vaclav Prospal wins face-off versus Jason Allison in Wild zone.
3:26 of 2nd period - Vaclav Prospal is hit by Pavel Kubina.
3:50 of 2nd period - Wrist shot by Pavel Kubina.
3:50 of 2nd period - Stopped by Martin Brodeur without a rebound.
3:51 of 2nd period - Chris Drury wins face-off versus Tuomo Ruutu in Wild zone.
4:04 of 2nd period - Wrist shot by Alexander Perezhogin.
4:04 of 2nd period - Stopped by Maxime Daigneault without a rebound.
4:05 of 2nd period - Vaclav Prospal wins face-off versus Jason Arnott in Jets zone.
4:06 of 2nd period - Wrist shot by Jozef Stumpel.
4:06 of 2nd period - Shot Misses the Net.
4:17 of 2nd period - Off-side.
4:18 of 2nd period - Vaclav Prospal wins face-off versus Jason Arnott in neutral zone.
4:53 of 2nd period - Snap shot by Shane Doan.
4:53 of 2nd period - Stopped by Martin Brodeur without a rebound.
4:54 of 2nd period - Jason Arnott wins face-off versus Chris Drury in Wild zone.
4:57 of 2nd period - Snap shot by Jason Arnott.
4:57 of 2nd period - Shot Blocked by Chris Drury.
4:59 of 2nd period - Slapshot by Dmitri Kalinin.
4:59 of 2nd period - Shot Misses the Net.
5:01 of 2nd period - Snap shot by Keith Tkachuk.
5:01 of 2nd period - Deflect By Adam Burish.
5:01 of 2nd period - Goal by Adam Burish - Jets : 2 - Wild : 1.
5:02 of 2nd period - Jason Allison wins face-off versus Vaclav Prospal in neutral zone.
5:05 of 2nd period - Snap shot by Jason Allison.
5:05 of 2nd period - Stopped by Martin Brodeur with a rebound.
5:07 of 2nd period - Slapshot by Jason Allison.
5:07 of 2nd period - Stopped by Martin Brodeur without a rebound.
5:08 of 2nd period - Vaclav Prospal wins face-off versus Jason Allison in Wild zone.
6:25 of 2nd period - Snap shot by Mike Ricci.
6:25 of 2nd period - Shot Blocked by Pavel Kubina.
6:45 of 2nd period - Bret Hedican is hit by Colin White and loses puck.
8:12 of 2nd period - Mike Leclerc is hit by Brian Rolston and loses puck.
8:27 of 2nd period - Snap shot by Kyle Wellwood.
8:27 of 2nd period - Shot Blocked by Niclas Wallin.
8:49 of 2nd period - Chris Higgins is hit by Adam Burish and loses puck.
9:12 of 2nd period - Slapshot by R.J. Umberger.
9:12 of 2nd period - Stopped by Maxime Daigneault without a rebound.
9:13 of 2nd period - Jason Allison wins face-off versus Alexander Perezhogin in Jets zone.
9:13 of 2nd period - Jason Allison is hit by Mike Green.
9:35 of 2nd period - Slapshot by Mike Green.
9:35 of 2nd period - Shot Blocked by Dmitri Kalinin.
9:45 of 2nd period - Backhand shot by Jason Allison.
9:45 of 2nd period - Stopped by Martin Brodeur without a rebound.
9:46 of 2nd period - Jason Arnott wins face-off versus Jozef Stumpel in Wild zone.
9:47 of 2nd period - Snap shot by Adam Burish.
9:47 of 2nd period - Shot Blocked by Nathan Dempsey.
10:34 of 2nd period - Snap shot by Alexander Perezhogin.
10:34 of 2nd period - Stopped by Maxime Daigneault without a rebound.
10:35 of 2nd period - Tuomo Ruutu wins face-off versus Chris Drury in Jets zone.
10:42 of 2nd period - Slapshot by Bryce Salvador.
10:42 of 2nd period - Stopped by Martin Brodeur without a rebound.
10:43 of 2nd period - Jason Allison wins face-off versus Vaclav Prospal in Wild zone.
10:48 of 2nd period - Wrist shot by Shane Doan.
10:48 of 2nd period - Shot Misses the Net.
11:54 of 2nd period - Icing by Mike Green.
11:55 of 2nd period - Jason Allison wins face-off versus Mike Ricci in Wild zone.
11:56 of 2nd period - Snap shot by Shane Doan.
11:56 of 2nd period - Shot Misses the Net.
12:10 of 2nd period - Snap shot by Adam Deadmarsh.
12:10 of 2nd period - Shot Misses the Net.
12:12 of 2nd period - Snap shot by Mike Ricci.
12:12 of 2nd period - Stopped by Maxime Daigneault with a rebound.
12:24 of 2nd period - Snap shot by Adam Deadmarsh.
12:24 of 2nd period - Stopped by Maxime Daigneault with a rebound.
12:30 of 2nd period - Slapshot by Adam Deadmarsh.
12:30 of 2nd period - Shot Blocked by Niklas Kronwall.
12:32 of 2nd period - Snap shot by Adam Deadmarsh.
12:32 of 2nd period - Goal by Adam Deadmarsh - Jets : 2 - Wild : 2.
12:33 of 2nd period - Chris Drury wins face-off versus Adam Burish in neutral zone.
12:46 of 2nd period - Backhand shot by Chris Drury.
12:46 of 2nd period - Shot Misses the Net.
12:48 of 2nd period - Wrist shot by R.J. Umberger.
12:48 of 2nd period - Stopped by Maxime Daigneault with a rebound.
13:00 of 2nd period - Vaclav Prospal is hit by Jason Allison and loses puck.
13:28 of 2nd period - Off-side.
13:29 of 2nd period - Chris Drury wins face-off versus Jason Arnott in neutral zone.
13:32 of 2nd period - Jason Arnott is hit by Chris Drury.
13:54 of 2nd period - Niclas Wallin is hit by Bryce Salvador and loses puck.
14:34 of 2nd period - Minor Penalty to Adam Burish for Hooking.
14:35 of 2nd period - Chris Drury wins face-off versus Jason Arnott in Jets zone.
15:23 of 2nd period - Icing by Adam Deadmarsh.
15:24 of 2nd period - Jason Arnott wins face-off versus Vaclav Prospal in Wild zone.
15:44 of 2nd period - Minor Penalty to Dmitri Kalinin for High sticking.
15:45 of 2nd period - Keith Tkachuk wins face-off versus Chris Drury in Jets zone.
15:55 of 2nd period - Minor Penalty to Mike Green for Hooking.
15:56 of 2nd period - R.J. Umberger wins face-off versus Keith Tkachuk in Wild zone.
16:03 of 2nd period - Snap shot by Chris Drury.
16:03 of 2nd period - Shot Misses the Net.
16:05 of 2nd period - Slapshot by Chris Drury.
16:05 of 2nd period - Stopped by Maxime Daigneault with a rebound.
16:07 of 2nd period - Wrist shot by Chris Drury.
16:07 of 2nd period - Shot Misses the Net.
16:34 of 2nd period - Penalty to Adam Burish is over, Adam Burish is back on ice.
17:15 of 2nd period - Slapshot by Alexander Perezhogin.
17:15 of 2nd period - Stopped by Maxime Daigneault with a rebound.
17:23 of 2nd period - Snap shot by Chris Higgins.
17:23 of 2nd period - Stopped by Maxime Daigneault without a rebound.
17:24 of 2nd period - R.J. Umberger wins face-off versus Jason Allison in Jets zone.
17:44 of 2nd period - Penalty to Dmitri Kalinin is over, Dmitri Kalinin is back on ice.
17:52 of 2nd period - Snap shot by Jason Arnott.
17:52 of 2nd period - Deflect By Nikolai Zherdev.
17:52 of 2nd period - Shot Misses the Net.
17:52 of 2nd period - Puck is out of play.
17:53 of 2nd period - Jason Arnott wins face-off versus Rod Brind'Amour in Wild zone.
17:54 of 2nd period - Snap shot by Keith Tkachuk.
17:54 of 2nd period - Stopped by Martin Brodeur without a rebound.
17:55 of 2nd period - Penalty to Mike Green is over, Mike Green is back on ice.
17:55 of 2nd period - Jason Arnott wins face-off versus Vaclav Prospal in Wild zone.
18:20 of 2nd period - Keith Tkachuk is hit by Alexander Perezhogin and loses puck.
18:31 of 2nd period - Slapshot by R.J. Umberger.
18:31 of 2nd period - Stopped by Maxime Daigneault with a rebound.
19:06 of 2nd period - Off-side.
19:07 of 2nd period - Jason Allison wins face-off versus Vaclav Prospal in neutral zone.
19:32 of 2nd period - Niklas Kronwall is hit by Nathan Dempsey and loses puck.
19:37 of 2nd period - Wrist shot by R.J. Umberger.
19:37 of 2nd period - Stopped by Maxime Daigneault without a rebound.
19:38 of 2nd period - Alexander Perezhogin wins face-off versus Keith Tkachuk in Jets zone.
19:39 of 2nd period - Wrist shot by Chris Drury.
19:39 of 2nd period - Stopped by Maxime Daigneault with a rebound.
19:45 of 2nd period - Bret Hedican is hit by Jason Arnott and loses puck.
3rd period
0:01 of 3rd period - Jason Allison wins face-off versus Chris Drury in neutral zone.
0:29 of 3rd period - Off-side.
0:30 of 3rd period - Vaclav Prospal wins face-off versus Jason Arnott in neutral zone.
0:56 of 3rd period - Fedor Tyutin is hit by Kyle Wellwood.
1:02 of 3rd period - Snap shot by Jozef Stumpel.
1:02 of 3rd period - Stopped by Maxime Daigneault without a rebound.
1:03 of 3rd period - Chris Drury wins face-off versus Kyle Wellwood in Jets zone.
1:30 of 3rd period - Nathan Dempsey is hit by Nikolai Zherdev.
1:53 of 3rd period - Slapshot by Jussi Jokinen.
1:53 of 3rd period - Stopped by Martin Brodeur without a rebound.
1:54 of 3rd period - Jason Allison wins face-off versus Vaclav Prospal in Wild zone.
1:57 of 3rd period - Slapshot by Jason Allison.
1:57 of 3rd period - Goal by Jason Allison - Jets : 3 - Wild : 2.
1:58 of 3rd period - Vaclav Prospal wins face-off versus Jason Allison in neutral zone.
2:01 of 3rd period - Pavel Kubina is hit by Jozef Stumpel and loses puck.
2:06 of 3rd period - Wrist shot by Jozef Stumpel.
2:06 of 3rd period - Shot Misses the Net.
2:08 of 3rd period - Slapshot by Nathan Dempsey.
2:08 of 3rd period - Shot Misses the Net.
2:10 of 3rd period - Snap shot by Anson Carter.
2:10 of 3rd period - Stopped by Maxime Daigneault without a rebound.
2:11 of 3rd period - Jason Arnott wins face-off versus Chris Drury in Jets zone.
2:20 of 3rd period - Keith Tkachuk is hit by Nathan Dempsey and loses puck.
2:30 of 3rd period - Icing by Adam Burish.
2:31 of 3rd period - Jason Arnott wins face-off versus Jozef Stumpel in Jets zone.
2:40 of 3rd period - Anson Carter is hit by Keith Tkachuk and loses puck.
3:36 of 3rd period - Off-side.
3:37 of 3rd period - Kyle Wellwood wins face-off versus Vaclav Prospal in neutral zone.
3:37 of 3rd period - Minor Penalty to Jozef Stumpel for Hooking.
3:38 of 3rd period - Jason Allison wins face-off versus Rod Brind'Amour in Wild zone.
3:45 of 3rd period - Wrist shot by Shane Doan.
3:45 of 3rd period - Shot Misses the Net.
5:37 of 3rd period - Penalty to Jozef Stumpel is over, Jozef Stumpel is back on ice.
5:38 of 3rd period - Chris Drury is hit by Dmitri Kalinin and loses puck.
5:46 of 3rd period - Minor Penalty to Jozef Stumpel for Tripping.
5:46 of 3rd period - Minor Penalty to Niklas Kronwall for Charging.
5:47 of 3rd period - Jason Allison wins face-off versus R.J. Umberger in neutral zone.
5:54 of 3rd period - Wrist shot by Jason Allison.
5:54 of 3rd period - Shot Blocked by Mike Green.
5:56 of 3rd period - Wrist shot by Jason Allison.
5:56 of 3rd period - Shot Misses the Net.
7:02 of 3rd period - R.J. Umberger is hit by Dmitri Kalinin and loses puck.
7:21 of 3rd period - Bret Hedican is hit by Colin White and loses puck.
7:38 of 3rd period - Snap shot by Chris Higgins.
7:38 of 3rd period - Shot Misses the Net.
7:46 of 3rd period - Penalty to Jozef Stumpel is over, Jozef Stumpel is back on ice.
7:46 of 3rd period - Penalty to Niklas Kronwall is over, Niklas Kronwall is back on ice.
8:38 of 3rd period - Wrist shot by Jason Allison.
8:38 of 3rd period - Shot Misses the Net.
9:21 of 3rd period - Off-side.
9:22 of 3rd period - Chris Drury wins face-off versus Jason Arnott in neutral zone.
9:38 of 3rd period - Snap shot by Keith Tkachuk.
9:38 of 3rd period - Shot Blocked by Alexander Perezhogin.
12:22 of 3rd period - Minor Penalty to Fedor Tyutin for Roughing.
12:23 of 3rd period - Jason Arnott wins face-off versus Rod Brind'Amour in Wild zone.
12:26 of 3rd period - Snap shot by Jason Arnott.
12:26 of 3rd period - Shot Blocked by Brian Rolston.
13:29 of 3rd period - Rod Brind'Amour is hit by Karlis Skrastins.
13:45 of 3rd period - Nikolai Zherdev is hit by Chris Higgins and loses puck.
14:22 of 3rd period - Penalty to Fedor Tyutin is over, Fedor Tyutin is back on ice.
14:41 of 3rd period - Backhand shot by Mike Leclerc.
14:41 of 3rd period - Stopped by Martin Brodeur with a rebound.
14:43 of 3rd period - Snap shot by Niklas Kronwall.
14:43 of 3rd period - Stopped by Martin Brodeur without a rebound.
14:44 of 3rd period - David Vyborny wins face-off versus Vaclav Prospal in Wild zone.
14:47 of 3rd period - Wrist shot by David Vyborny.
14:47 of 3rd period - Stopped by Martin Brodeur with a rebound.
14:59 of 3rd period - Wrist shot by Jozef Stumpel.
14:59 of 3rd period - Stopped by Maxime Daigneault with a rebound.
15:30 of 3rd period - Kyle Wellwood is hit by Fedor Tyutin and loses puck.
15:42 of 3rd period - Icing by Nikolai Zherdev.
15:43 of 3rd period - Rod Brind'Amour wins face-off versus Jason Allison in Jets zone.
15:44 of 3rd period - Snap shot by Chris Higgins.
15:44 of 3rd period - Stopped by Maxime Daigneault without a rebound.
15:45 of 3rd period - Rod Brind'Amour wins face-off versus Jason Allison in Jets zone.
16:13 of 3rd period - Slapshot by Shane Doan.
16:13 of 3rd period - Stopped by Martin Brodeur without a rebound.
16:14 of 3rd period - Mike Ricci wins face-off versus Kyle Wellwood in Wild zone.
16:49 of 3rd period - Icing by Bret Hedican.
16:50 of 3rd period - Chris Drury wins face-off versus Jason Arnott in Wild zone.
16:50 of 3rd period - Chris Drury is hit by Jason Arnott.
17:07 of 3rd period - Slapshot by R.J. Umberger.
17:07 of 3rd period - Stopped by Maxime Daigneault without a rebound.
17:08 of 3rd period - Rod Brind'Amour wins face-off versus Kyle Wellwood in Jets zone.
17:18 of 3rd period - Icing by Dmitri Kalinin.
17:19 of 3rd period - Chris Higgins wins face-off versus Jussi Jokinen in Jets zone.
17:30 of 3rd period - Rod Brind'Amour is hit by Nikolai Zherdev and loses puck.
17:45 of 3rd period - Snap shot by Nikolai Zherdev.
17:45 of 3rd period - Goal by Nikolai Zherdev - Jets : 4 - Wild : 2.
17:46 of 3rd period - Kyle Wellwood wins face-off versus Rod Brind'Amour in neutral zone.
17:59 of 3rd period - Slapshot by Kyle Wellwood.
17:59 of 3rd period - Deflect By Jussi Jokinen.
17:59 of 3rd period - Stopped by Martin Brodeur with a rebound.
18:57 of 3rd period - Jozef Stumpel is hit by Kyle Wellwood.
19:31 of 3rd period - Wrist shot by Rod Brind'Amour.
19:31 of 3rd period - Shot Misses the Net.
Output by the SimonT Hockey Simulator (STHS) for François Prévost -- Original Page W3C XHTML 1.0 Valid